| TOP OF THE 1ST |
|
Danville Braves batting - Pitching for Helena Brewers : RHP Matysh Ekmalyan
|
|
Pitching: RHP Matysh Ekmalyan
|
|
|
Batting: LHB Mitsujiro Tanaka
|
0-0: Swinging Strike 0-1: Ball 1-1: Swinging Strike 1-2: Ball 2-2: Strikes out swinging
|
|
Batting: RHB Vicente Guillen
|
0-0: Ball 1-0: SINGLE (Line Drive, 7LS, EV 97.5 MPH)
|
|
Batting: LHB Ivan Castillo
|
0-0: Foul Ball, location: 2F 0-1: Ball 1-1: Called Strike 1-2: Ball 2-2: Ball 3-2: Strikes out swinging
|
|
Batting: RHB Carlos Livas
|
0-0: Called Strike Vicente Guillen is caught stealing 2nd base 2-4
|
| Top of the 1st over - 0 runs, 1 hit, 0 errors, 0 left on base; Danville 0 - Helena 0 |
| BOTTOM OF THE 1ST |
|
Helena Brewers batting - Pitching for Danville Braves : LHP Bahrom Mohammad
|
|
Pitching: LHP Bahrom Mohammad
|
|
|
Batting: RHB Mohammed bin Ubaida
|
0-0: Ball 1-0: Ball 2-0: Ball 3-0: Called Strike 3-1: Base on Balls
|
|
Batting: RHB Frank Pena
|
0-0: Ball 1-0: Called Strike 1-1: Called Strike 1-2: Ball 2-2: Ball 3-2: Foul Ball, location: 2F 3-2: Base on Balls Mohammed bin Ubaida to second
|
|
Batting: RHB Jeremy Harden
|
0-0: Ball 1-0: Ball 2-0: Ball 3-0: Base on Balls Mohammed bin Ubaida to third Frank Pena to second
|
|
Batting: RHB Tony Beaumond
|
0-0: Fielders Choice at 2nd, 5-4 (Groundball, 56S, EV 92.5 MPH) Mohammed bin Ubaida scores Frank Pena to third
|
|
Batting: RHB Curtis Montgomery
|
0-0: Called Strike 0-1: SINGLE (Line Drive, 6D, EV 110.6 MPH) Frank Pena scores Tony Beaumond to second
|
|
Batting: RHB Xiao-shuang Au
|
0-0: Ball 1-0: Called Strike 1-1: Ball 2-1: Swinging Strike 2-2: Strikes out swinging
|
|
Batting: LHB Dusty Bryant
|
0-0: Ground out 6-3 (Groundball, 6MS, EV 81.9 MPH)
|
| Bottom of the 1st over - 2 runs, 1 hit, 0 errors, 2 left on base; Danville 0 - Helena 2 |
| TOP OF THE 2ND |
|
Danville Braves batting - Pitching for Helena Brewers : RHP Matysh Ekmalyan
|
|
Batting: RHB Carlos Livas
|
0-0: Ball 1-0: Swinging Strike 1-1: Swinging Strike 1-2: Ball 2-2: Strikes out swinging
|
|
Batting: RHB Rodolfo Cosme
|
0-0: Called Strike 0-1: Ball 1-1: Foul Ball, location: 2F 1-2: Strikes out swinging
|
|
Batting: LHB Diego Garcia
|
0-0: Called Strike 0-1: Ball 1-1: Ball 2-1: Ball 3-1: Foul Ball, location: 2F 3-2: DOUBLE (Line Drive, 78D, EV 108.8 MPH)
|
|
Batting: RHB Paul Holland
|
0-0: Ball 1-0: Swinging Strike 1-1: Ball 2-1: Swinging Strike 2-2: Strikes out swinging
|
| Top of the 2nd over - 0 runs, 1 hit, 0 errors, 1 left on base; Danville 0 - Helena 2 |
| BOTTOM OF THE 2ND |
|
Helena Brewers batting - Pitching for Danville Braves : LHP Bahrom Mohammad
|
|
Batting: LHB Danny Bautista
|
0-0: Called Strike 0-1: Ball 1-1: Ball 2-1: Foul Ball, location: 2F 2-2: Foul Ball, location: 2F 2-2: Ball 3-2: Ground out U3 (Groundball, 34S, EV 80.6 MPH)
|
|
Batting: RHB Jesus Menjivar
|
0-0: Ball 1-0: Called Strike 1-1: Ball 2-1: Bunt missed! 2-2: Foul Ball, location: 2F 2-2: Foul Ball, location: 2F 2-2: Ground out 5-3 (Groundball, 56S, EV 85.6 MPH)
|
|
Batting: RHB Mohammed bin Ubaida
|
0-0: Ball 1-0: Foul Ball, location: 2F 1-1: Ball 2-1: Ball 3-1: Foul Ball, location: 2F 3-2: Foul Ball, location: 2F 3-2: Foul Ball, location: 2F 3-2: Base on Balls
|
|
Batting: RHB Frank Pena
|
0-0: Called Strike 0-1: Ball 1-1: Fielders Choice at 2nd, U6 (Groundball, 6M, EV 104.4 MPH)
|
| Bottom of the 2nd over - 0 runs, 0 hits, 0 errors, 1 left on base; Danville 0 - Helena 2 |
| TOP OF THE 3RD |
|
Danville Braves batting - Pitching for Helena Brewers : RHP Matysh Ekmalyan
|
|
Batting: RHB Roman Lauder
|
0-0: Called Strike 0-1: Ground out 4-3 (Groundball, 4, EV 106.9 MPH)
|
|
Batting: RHB Aaron Sartini
|
0-0: Called Strike 0-1: Called Strike 0-2: Ball 1-2: DOUBLE (Flyball, 7LD, EV 102.5 MPH)
|
|
Batting: LHB Mitsujiro Tanaka
|
0-0: Called Strike 0-1: Ball 1-1: Ball 2-1: Called Strike 2-2: Strikes out swinging
|
|
Batting: RHB Vicente Guillen
|
0-0: Called Strike 0-1: Foul Ball, location: 2F 0-2: Ball 1-2: Strikes out swinging
|
| Top of the 3rd over - 0 runs, 1 hit, 0 errors, 1 left on base; Danville 0 - Helena 2 |
| BOTTOM OF THE 3RD |
|
Helena Brewers batting - Pitching for Danville Braves : LHP Bahrom Mohammad
|
|
Batting: RHB Jeremy Harden
|
0-0: Foul Ball, location: 2F 0-1: Called Strike 0-2: Ball 1-2: Foul Ball, location: 2F 1-2: Ball 2-2: Ball 3-2: Ground out U3 (Groundball, 3L, EV 94.4 MPH)
|
|
Batting: RHB Tony Beaumond
|
0-0: Ball 1-0: Called Strike 1-1: Foul Ball, location: 2F 1-2: Ball 2-2: Ball 3-2: TRIPLE (Line Drive, 9LD, EV 106.9 MPH)
|
|
Batting: RHB Curtis Montgomery
|
0-0: Ball 1-0: Called Strike 1-1: Ball 2-1: Ball 3-1: Base on Balls
|
|
Batting: RHB Xiao-shuang Au
|
0-0: Foul Ball, location: 2F 0-1: Ball 1-1: Foul Ball, location: 2F 1-2: Foul Ball, location: 2F 1-2: Strikes out swinging
|
|
Batting: LHB Dusty Bryant
|
0-0: Ball 1-0: Foul Ball, location: 2F 1-1: Foul Ball, location: 2F 1-2: Fielders Choice at 2nd, U6 (Groundball, 6M, EV 83.8 MPH)
|
| Bottom of the 3rd over - 0 runs, 1 hit, 0 errors, 2 left on base; Danville 0 - Helena 2 |
| TOP OF THE 4TH |
|
Danville Braves batting - Pitching for Helena Brewers : RHP Matysh Ekmalyan
|
|
Batting: LHB Ivan Castillo
|
0-0: Foul Ball, location: 2F 0-1: Foul Ball, location: 2F 0-2: Strikes out swinging
|
|
Batting: RHB Carlos Livas
|
0-0: Called Strike 0-1: Swinging Strike 0-2: DOUBLE (Line Drive, 9LM, EV 111.2 MPH)
|
|
Pinch Runner at 2nd Danny Dimas:
|
|
|
Batting: RHB Rodolfo Cosme
|
0-0: Ball 1-0: Foul Ball, location: 2F 1-1: Ball 2-1: Foul Ball, location: 2F 2-2: Strikes out swinging
|
|
Batting: LHB Diego Garcia
|
0-0: Called Strike 0-1: Foul Ball, location: 2F 0-2: Foul Ball, location: 2F 0-2: Ball 1-2: Ball Wild Pitch! Danny Dimas to third 2-2: Foul Ball, location: 2F 2-2: Fly out, F7 (Flyball, 7LD, EV 98.1 MPH)
|
| Top of the 4th over - 0 runs, 1 hit, 0 errors, 1 left on base; Danville 0 - Helena 2 |
| BOTTOM OF THE 4TH |
|
Helena Brewers batting - Pitching for Danville Braves : LHP Bahrom Mohammad
|
|
Now at 1B: Paul Holland
|
|
|
Now at 3B: Rodolfo Cosme
|
|
|
Now in RF: Danny Dimas
|
|
|
Batting: LHB Danny Bautista
|
0-0: Swinging Strike 0-1: Ball 1-1: Ball 2-1: Called Strike 2-2: Strikes out swinging
|
|
Batting: RHB Jesus Menjivar
|
0-0: Called Strike 0-1: Swinging Strike 0-2: Ball 1-2: Foul Ball, location: 2F 1-2: Strikes out swinging
|
|
Batting: RHB Mohammed bin Ubaida
|
0-0: Ball 1-0: Ball 2-0: Called Strike 2-1: Swinging Strike 2-2: Foul Ball, location: 2F 2-2: Ball 3-2: Foul Ball, location: 2F 3-2: Base on Balls
|
|
Batting: RHB Frank Pena
|
0-0: Ball 1-0: Ball 2-0: Called Strike 2-1: Called Strike 2-2: Foul Ball, location: 2F 2-2: Ball 3-2: Fly out, F7 (Flyball, 7D, EV 102.5 MPH)
|
| Bottom of the 4th over - 0 runs, 0 hits, 0 errors, 1 left on base; Danville 0 - Helena 2 |
| TOP OF THE 5TH |
|
Danville Braves batting - Pitching for Helena Brewers : RHP Matysh Ekmalyan
|
|
Batting: RHB Paul Holland
|
0-0: SINGLE (Groundball, 6S, EV 60.0 MPH) (infield hit)
|
|
Batting: RHB Roman Lauder
|
0-0: Called Strike 0-1: Ball 1-1: SINGLE (Groundball, 34D, EV 102.5 MPH) Paul Holland to second Throwing error, E9 Paul Holland scores Roman Lauder to second
|
|
Batting: RHB Aaron Sartini
|
0-0: Called Strike 0-1: Ball 1-1: Ball Wild Pitch! Roman Lauder to third 2-1: Foul Ball, location: 2F 2-2: Ball 3-2: Foul Ball, location: 2F 3-2: Foul Ball, location: 2F 3-2: Foul Ball, location: 2F 3-2: Foul Ball, location: 2F 3-2: Base on Balls
|
|
Batting: LHB Mitsujiro Tanaka
|
0-0: Ball 1-0: Swinging Strike 1-1: Ball 2-1: Swinging Strike 2-2: Strikes out swinging
|
|
Pitching: RHP Antonio Ballesteros
|
|
|
Pinch Hitting: RHB Richard Saquic
|
0-0: Ball 1-0: Foul Ball, location: 2F 1-1: Ball Wild Pitch! Roman Lauder scores Aaron Sartini to second 2-1: Foul Ball, location: 2F 2-2: Ball 3-2: Base on Balls
|
|
Batting: LHB Ivan Castillo
|
0-0: Swinging Strike 0-1: Foul Ball, location: 2F 0-2: Strikes out swinging
|
|
Batting: RHB Danny Dimas
|
0-0: Foul Ball, location: 2F 0-1: Foul Ball, location: 2F 0-2: Ball 1-2: Foul Ball, location: 2F 1-2: Ball 2-2: Ball 3-2: Foul Ball, location: 2F 3-2: Foul Ball, location: 2F 3-2: Strikes out swinging
|
| Top of the 5th over - 2 runs, 2 hits, 1 error, 2 left on base; Danville 2 - Helena 2 |
| BOTTOM OF THE 5TH |
|
Helena Brewers batting - Pitching for Danville Braves : LHP Bahrom Mohammad
|
|
Now at 2B: Roberto Rios
|
|
|
Batting: RHB Jeremy Harden
|
0-0: Ball 1-0: Foul Ball, location: 2F 1-1: Called Strike 1-2: Strikes out looking
|
|
Batting: RHB Tony Beaumond
|
0-0: Ball 1-0: Ball 2-0: Called Strike 2-1: Foul Ball, location: 2F 2-2: Foul Ball, location: 2F 2-2: Ground out 4-3 (Groundball, 4, EV 105.6 MPH)
|
|
Batting: RHB Curtis Montgomery
|
0-0: Ball 1-0: Ball 2-0: Called Strike 2-1: Foul Ball, location: 2F 2-2: Ball 3-2: Foul Ball, location: 2F 3-2: SINGLE (Groundball, 4MD, EV 96.9 MPH)
|
|
Pitching: RHP Rick Grenfell
|
|
|
Batting: RHB Xiao-shuang Au
|
0-0: Ball 1-0: Ball 2-0: Ball 3-0: Called Strike 3-1: Fly out, F9 (Flyball, 9LS, EV 92.5 MPH)
|
| Bottom of the 5th over - 0 runs, 1 hit, 0 errors, 1 left on base; Danville 2 - Helena 2 |
| TOP OF THE 6TH |
|
Danville Braves batting - Pitching for Helena Brewers : RHP Antonio Ballesteros
|
|
Batting: RHB Rodolfo Cosme
|
0-0: Ball 1-0: Called Strike 1-1: Swinging Strike 1-2: Ball 2-2: Foul Ball, location: 2F 2-2: Strikes out looking
|
|
Batting: LHB Diego Garcia
|
0-0: Called Strike 0-1: Ball 1-1: Called Strike 1-2: Foul Ball, location: 2F 1-2: Ball 2-2: Ball 3-2: Ground out 5-3 (Groundball, 56S, EV 86.9 MPH)
|
|
Batting: RHB Paul Holland
|
0-0: Called Strike 0-1: Called Strike 0-2: Ball 1-2: Strikes out swinging
|
| Top of the 6th over - 0 runs, 0 hits, 0 errors, 0 left on base; Danville 2 - Helena 2 |
| BOTTOM OF THE 6TH |
|
Helena Brewers batting - Pitching for Danville Braves : RHP Rick Grenfell
|
|
Batting: LHB Dusty Bryant
|
0-0: Swinging Strike 0-1: Ball 1-1: Ground out 6-3 (Groundball, 4MD, EV 86.9 MPH)
|
|
Pitching: LHP Mohala Kileona
|
|
|
Batting: LHB Danny Bautista
|
0-0: Single, Error in OF, E7, batter to second base (Line Drive, 56D, EV 107.5 MPH)
|
|
Batting: RHB Jesus Menjivar
|
0-0: Ball 1-0: Ball 2-0: Called Strike 2-1: Called Strike 2-2: Ball 3-2: Strikes out swinging
|
|
Batting: RHB Mohammed bin Ubaida
|
0-0: Ball 1-0: Foul Ball, location: 2F 1-1: Ball 2-1: Ball 3-1: Swinging Strike 3-2: SINGLE (Groundball, 4M, EV 103.1 MPH) (infield hit) Danny Bautista to third
|
|
Batting: RHB Frank Pena
|
0-0: Ball 1-0: Ball 2-0: Called Strike 2-1: Swinging Strike 2-2: Strikes out swinging
|
| Bottom of the 6th over - 0 runs, 2 hits, 1 error, 2 left on base; Danville 2 - Helena 2 |
| TOP OF THE 7TH |
|
Danville Braves batting - Pitching for Helena Brewers : RHP Antonio Ballesteros
|
|
Batting: RHB Roman Lauder
|
0-0: Called Strike 0-1: Ball 1-1: Ball 2-1: Called Strike 2-2: Strikes out swinging
|
|
Batting: RHB Aaron Sartini
|
0-0: Ground out 6-3 (Groundball, 6, EV 86.9 MPH)
|
|
Batting: LHB Mitsujiro Tanaka
|
0-0: Called Strike 0-1: Ball 1-1: Called Strike 1-2: Strikes out looking
|
| Top of the 7th over - 0 runs, 0 hits, 0 errors, 0 left on base; Danville 2 - Helena 2 |
| BOTTOM OF THE 7TH |
|
Helena Brewers batting - Pitching for Danville Braves : LHP Mohala Kileona
|
|
Batting: RHB Jeremy Harden
|
0-0: Foul Ball, location: 2F 0-1: Ground out 5-3 (Groundball, 56S, EV 77.5 MPH)
|
|
Batting: RHB Tony Beaumond
|
0-0: Called Strike 0-1: Ball 1-1: Swinging Strike 1-2: Ball 2-2: Ball 3-2: SINGLE (Line Drive, 7S, EV 104.4 MPH)
|
|
Batting: RHB Curtis Montgomery
|
0-0: Ball 1-0: Called Strike 1-1: Ball 2-1: Swinging Strike 2-2: Foul Ball, location: 2F 2-2: Strikes out swinging
|
|
Batting: RHB Xiao-shuang Au
|
0-0: Ball 1-0: Swinging Strike 1-1: Foul Ball, location: 2F 1-2: Strikes out swinging
|
| Bottom of the 7th over - 0 runs, 1 hit, 0 errors, 1 left on base; Danville 2 - Helena 2 |
| TOP OF THE 8TH |
|
Danville Braves batting - Pitching for Helena Brewers : RHP Antonio Ballesteros
|
|
Batting: RHB Roberto Rios
|
0-0: Ball 1-0: Called Strike 1-1: Swinging Strike 1-2: Strikes out swinging
|
|
Batting: LHB Ivan Castillo
|
0-0: Ball 1-0: Ground out 6-3 (Groundball, 6, EV 100.6 MPH)
|
|
Batting: RHB Danny Dimas
|
0-0: Foul Ball, location: 2F 0-1: Foul Ball, location: 2F 0-2: Strikes out swinging
|
| Top of the 8th over - 0 runs, 0 hits, 0 errors, 0 left on base; Danville 2 - Helena 2 |
| BOTTOM OF THE 8TH |
|
Helena Brewers batting - Pitching for Danville Braves : LHP Mohala Kileona
|
|
Pinch Hitting: RHB Wiliama Dana
|
0-0: Called Strike 0-1: Foul Ball, location: 2F 0-2: Ball 1-2: Foul Ball, location: 2F 1-2: Ball 2-2: DOUBLE (Flyball, 89D, EV 98.1 MPH)
|
|
Pitching: RHP Jason Barber
|
|
|
Batting: LHB Danny Bautista
|
0-0: Ball 1-0: Ball 2-0: Called Strike 2-1: Called Strike 2-2: Foul Ball, location: 2F 2-2: Ball 3-2: Base on Balls
|
|
Batting: RHB Jesus Menjivar
|
0-0: Sac Bunt to 13S - play at first, batter OUT! 1-4 Wiliama Dana to third Danny Bautista to second
|
|
Pinch Hitting: LHB Fumito Sakurai
|
0-0: Intentional Walk
|
|
Batting: RHB Frank Pena
|
0-0: Called Strike 0-1: Ball 1-1: Ball 2-1: Foul Ball, location: 2F 2-2: Foul Ball, location: 2F 2-2: Strikes out swinging
|
|
Batting: RHB Jeremy Harden
|
0-0: Ball 1-0: DOUBLE (Line Drive, 8LXD, EV 103.1 MPH) Wiliama Dana scores Danny Bautista scores Fumito Sakurai to third Runner from 3rd tries for Home, SAFE, throw by CF to trailing runner, SAFE at third!
|
|
Batting: RHB Tony Beaumond
|
0-0: SINGLE (Line Drive, 78S, EV 114.4 MPH) Jeremy Harden scores
|
|
Pitching: RHP Geronimo Savio
|
|
|
Batting: RHB Curtis Montgomery
|
0-0: Called Strike 0-1: Fly out, F4 (Popup, 34, EV 56.2 MPH)
|
| Bottom of the 8th over - 4 runs, 3 hits, 0 errors, 1 left on base; Danville 2 - Helena 6 |
| TOP OF THE 9TH |
|
Danville Braves batting - Pitching for Helena Brewers : RHP Antonio Ballesteros
|
|
Pitching: RHP Jim Strickland
|
|
|
Now at 2B: Wiliama Dana
|
|
|
Now at SS: Jesus Menjivar
|
|
|
Now in RF: Fumito Sakurai
|
|
|
Batting: RHB Rodolfo Cosme
|
0-0: Ball 1-0: Called Strike 1-1: Called Strike 1-2: Strikes out swinging
|
|
Batting: LHB Diego Garcia
|
0-0: Called Strike 0-1: Swinging Strike 0-2: Strikes out swinging
|
|
Batting: RHB Paul Holland
|
0-0: Ball 1-0: Called Strike 1-1: Called Strike 1-2: Foul Ball, location: 2F 1-2: Strikes out looking
|
| Top of the 9th over - 0 runs, 0 hits, 0 errors, 0 left on base; Danville 2 - Helena 6 |
|